 Dungeon Crawl Stone Soup version 0.23.2-33-g5129a83 (webtiles) character file.

Game seed: 1619298216321798567

268 Fortress the Gusty (level 6, -2/32 HPs)
             Began as a Tengu Air Elementalist on July 3, 2019.
             Slain by a gnoll
             ... wielding a +1 spear of chaos
              (7 damage)
             ... on level 3 of the Dungeon.
             The game lasted 00:19:40 (3550 turns).

Fortress the Gusty (Tengu Air Elementalist)         Turns: 3550, Time: 00:19:41

Health: -2/32      AC:  3    Str:  8    XL:     6   Next: 21%
Magic:  4/12       EV:  7    Int: 17    God:
Gold:   167        SH:  0    Dex: 15    Spells: 10/11 levels left

rFire    . . .     SeeInvis .   u - +2 mace (protect)
rCold    . . .     Gourm    .   (no shield)
rNeg     . . .     Faith    .   a - +0 robe
rPois    .         Spirit   .   (helmet restricted)
rElec    .         Reflect  .   (no cloak)
rCorr    .         Harm     .   i - +0 pair of gloves
MR       .....                  (boots unavailable)
Stlth    +++.......             (no amulet)
HPRegen  0.10/turn              n - ring of stealth
MPRegen  0.13/turn              (no ring)

@: very slightly contaminated, held, lightly drained
A: beak, talons 3, able to fly
a: Fly


You were on level 3 of the Dungeon.
You were very hungry.

You visited 1 branch of the dungeon, and saw 3 of its levels.

You collected 167 gold pieces.

Inventory:

Hand Weapons
 j - a +2 hunting sling of flaming
 q - a +0 blowgun
 u - a +2 mace of protection (weapon)
Missiles
 o - 72 stones (quivered)
 r - 30 poisoned needles
Armour
 a - a +0 robe (worn)
 i - a +0 pair of gloves (worn)
Jewellery
 n - a ring of stealth (left hand)
Scrolls
 b - 3 scrolls of identify {unknown}
 f - 4 scrolls of remove curse {unknown}
 g - a scroll of enchant weapon {unknown}
 k - a scroll of immolation {unknown}
 m - 2 scrolls of fear {unknown}
 p - a scroll of magic mapping {unknown}
Potions
 d - a potion of magic {unknown}
 e - 5 potions of might {unknown}
 h - a potion of flight {unknown}
 l - a potion of haste {unknown}
 s - a potion of berserk rage {unknown}
Comestibles
 c - 4 rations


   Skills:
 + Level 0.2(0.0) Maces & Flails
 + Level 1.3(1.1) Slings
 + Level 2.9(2.7) Dodging
 - Level 2.0(1.7) Stealth
 + Level 3.4(3.1) Spellcasting
 + Level 3.9(3.7) Conjurations
 + Level 6.0(5.7) Air Magic


You had 10 spell levels left.
You knew the following spells:

 Your Spells              Type           Power        Failure   Level  Hunger
a - Shock                 Conj/Air       ###.         2%          1    None

Your spell library contained the following spells:

 Spells                   Type           Power        Failure   Level  Hunger
 Swiftness                Chrm/Air       ##......     8%          2    ##.....
 Static Discharge         Conj/Air       ###.....     8%          3    ###....
 Airstrike                Air            ###.......   16%         4    ####...
 Lightning Bolt           Conj/Air       ###.......   56%         5    ######.


Dungeon Overview and Level Annotations

Branches:
Dungeon (3/15)

Altars:
Xom

Annotations:
D:3 1 transporter, numlockpick's ghost, amateur DrMo


Innate Abilities, Weirdness & Mutations

You have a beak for a mouth.
You have claws for feet.
You can fly continuously.


Message History

Nothing appears to happen.
The gnoll hits you from afar with a +1 spear of chaos!
The gnoll burns you.
The gnoll shaman hits you with a +0 whip.
Wield which item (- for none, * to show all)? (? for menu, Esc to quit)
Your +2 hunting sling of flaming stops flaming.
Your +2 mace of protection hums with potential!
u - a +2 mace of protection (weapon)
The gnoll hits you but does no damage.
You feel drained.
You are held in a net!
You struggle against the net.
The gnoll shaman mumbles some strange prayers to its god against you.
You resist with some effort.
The gnoll hits you from afar with a +1 spear of chaos.
You feel your power leaking away.
You tear a large gash into the net.
The gnoll shaman hits you with a +0 whip.
* * * LOW HITPOINT WARNING * * *
The gnoll hits you from afar with a +1 spear of chaos!
You die...

....≈≈≈≈≈≈≈≈≈≈≈...≈≈≈≈≈≈≈≈≈≈≈..#
###.≈≈≈≈≈≈≈≈≈≈≈...≈≈≈≈≈≈≈≈≈≈≈.)##
#.≈≈#####...........#####≈≈.#)#
#.≈≈#.#.#.###.©.###.#.#.#≈≈.##.
#.≈≈#..W###.#####g###...#≈≈.###
###.≈≈###.......$....g..###≈≈..#.
†.[.≈≈.8#.######g###'##.#8.≈≈...#
#...≈≈.##.#...#8..#P..#.##.≈≈....
#...≈≈.#W.' .:#⌠@g....'.g#.≈≈....
....≈≈.## #..W#8..#..P#.##.≈≈.###
....≈≈.8#.######'###'##g#8.≈≈.#
....≈≈###...............###≈≈.#
....≈≈#...###©#####.###...#≈≈.#
....≈≈#.#.#.###.©.###.#.#.#≈≈.###
....≈≈#####..)........#####≈≈.#..
....≈≈≈≈≈≈≈≈≈≈≈≈≈≈≈≈≈≈≈≈≈≈≈≈≈....
..#.≈≈≈≈≈≈≈≈≈≈≈≈≈≈≈≈≈≈≈≈≈≈≈≈≈...÷


You could see a gnoll shaman and a gnoll.

Vanquished Creatures
  3 orc priests (D:3)
  Robin (D:2)
  3 adders (D:3)
  2 gnolls (D:3)
  An ooze (D:2)
  A worm (D:3)
  5 dart slugs
  A leopard gecko (D:1)
  13 orcs
  A ball python (D:3)
  2 giant cockroaches
  14 goblins
  7 hobgoblins
  2 jackals (D:1)
  A quokka (D:2)
  11 bats
  5 frilled lizards
  12 kobolds
  10 rats
95 creatures vanquished.

Vanquished Creatures (others)
  4 plants (D:3)
4 creatures vanquished.

Grand Total: 99 creatures vanquished

Notes
Turn   | Place    | Note
-------+----------+-------------------------------------------
     0 | D:1      | Fortress the Tengu Air Elementalist began the quest for the
                  | Orb.
     0 | D:1      | Reached XP level 1. HP: 10/10 MP: 4/4
   137 | D:1      | Reached XP level 2. HP: 15/15 MP: 3/6
   569 | D:1      | Reached XP level 3. HP: 19/19 MP: 5/7
  1397 | D:2      | Reached skill level 5 in Air Magic
  1669 | D:2      | Noticed Robin
  1673 | D:2      | Reached XP level 4. HP: 24/24 MP: 3/8
  1677 | D:2      | Killed Robin
  2352 | D:3      | Found a transporter.
  2670 | D:3      | Gained mutation: You can fly continuously. [Tengu growth]
  2670 | D:3      | Reached XP level 5. HP: 27/28 MP: 6/10
  2785 | D:3      | Reached skill level 1 in Slings
  2916 | D:3      | Found a transporter.
  3086 | D:3      | Noticed numlockpick's ghost (amateur DrMo)
  3122 | D:3      | Reached XP level 6. HP: 17/32 MP: 5/12
  3309 | D:3      | Reached skill level 6 in Air Magic
  3321 | D:3      | Found a shimmering altar of Xom.
  3550 | D:3      | Slain by a gnoll

Skill      XL: |  1  2  3  4  5  6 |
---------------+-------------------+-----
Conjurations   | 2 3 |  3.9
Air Magic      | 5 6 |  6.0
Spellcasting   | 3 |  3.4
Slings         | 1 |  1.3
Maces & Flails | |  0.2
Dodging        | |  2.9
Stealth        | |  2.0

Action                   |  1- 3 |  4- 6 || total
-------------------------+-------+-------++-------
Melee: Unarmed           |    15 |       ||    15
       Peck              |     5 |     3 ||     8
       Kick              |     8 |     4 ||    12
       Hunting sling     |    13 |    11 ||    24
       Flail             |       |     4 ||     4
       Mace              |       |     3 ||     3
 Fire: Hunting sling     |     6 |    14 ||    20
 Cast: Shock             |    80 |    97 ||   177
  Eat: Chunk             |     3 |     2 ||     5
       Ration            |       |     1 ||     1
Armor: Robe              |     9 |     8 ||    17
Dodge: Dodged            |    32 |    30 ||    62
